 Dungeon Crawl Stone Soup version 0.16.2-2-g470672f (webtiles) character file.

1811 dvd the Covert (level 8, -1/37 HPs)
             Began as a Spriggan Enchanter on Aug 28, 2015.
             Was a Priest of Nemelex Xobeh.
             Slain by dvd's ghost (9 damage)
             ... on level 7 of the Dungeon.
             The game lasted 01:24:07 (7136 turns).

dvd the Covert (Spriggan Enchanter)                 Turns: 7136, Time: 01:24:07

Health: -1/37      AC:  4    Str:  5    XL:     8   Next: 84%
Magic:  25/25      EV: 31    Int: 17    God:    Nemelex Xobeh [***...]
Gold:   255        SH:  0    Dex: 21    Spells: 3 memorised, 13 levels left

rFire  . . .     SeeInvis +     q - +3 dagger (venom)
rCold  . . .     Clarity  .     b - +2 robe
rNeg   . . .     SustAb   .     (shield restricted)
rPois  .         Gourm    .     (helmet restricted)
rElec  .         Spirit   .     (no cloak)
rCorr  +         Warding  .     (gloves unavailable)
rMut   .         Stasis   .     (boots unavailable)
MR     +....                    F - amulet of resist corrosion
Stlth  ++++++....               (no ring)
                                x - +4 ring of dexterity

@: phasing, very quick, somewhat resistant to hostile enchantments, very
stealthy
A: unfitting armour, see invisible, herbivore 3, speed 3, slow metabolism 2
a: Triple Draw, Renounce Religion


You were on level 7 of the Dungeon.
You worshipped Nemelex Xobeh.
Nemelex Xobeh was most pleased with you.
You were not hungry.

You visited 1 branch of the dungeon, and saw 7 of its levels.
You also visited: Sewer.

You collected 255 gold pieces.

Inventory:

Hand weapons
 e - a +1 dagger of chaos
 n - a +1 falchion of slicing
 p - a +2 short sword of holy wrath
 q - a +3 dagger of venom (weapon)
 z - a +2 short sword of freezing
 G - a +2 vampiric dagger
 J - the +3 spear "Ganesau" {pierce, rN+ Dex+2}
   (You found it on level 6 of the Dungeon)

   It inflicts extra damage upon your enemies.
   It affects your dexterity (+2).
   It protects you from negative energy.
Missiles
 a - a tomahawk (quivered)
 h - 3 tomahawks of dispersal
 v - 10 poisoned needles
 E - a throwing net
Armour
 b - a +2 robe (worn)
 f - an ice dragon hide
Jewellery
 x - a +4 ring of dexterity (left hand)
 F - an amulet of resist corrosion (around neck)
 K - an uncursed amulet of regeneration
Magical devices
 y - a wand of confusion (32)
Scrolls
 k - 4 scrolls of remove curse
 m - a scroll of enchant armour
 u - a scroll of fog
 M - a scroll of magic mapping
Potions
 i - a potion of brilliance
 l - 2 potions of curing
 s - a potion of flight
 t - a potion of restore abilities
 H - a potion of magic
Books
 c - a book of Maledictions

   Spells                             Type                      Level
   a - Corona                         Hexes                        1
   b - Sure Blade                     Hexes/Charms                 2
   c - Ensorcelled Hibernation        Hexes/Ice                    2
   d - Confuse                        Hexes                        3
   e - Dazzling Spray                 Conjuration/Hexes            3
   f - Enslavement                    Hexes                        4
 B - a book of Debilitation

   Spells                             Type                      Level
   a - Corona                         Hexes                        1
   b - Slow                           Hexes                        2
   c - Inner Flame                    Hexes/Fire                   3
   d - Enslavement                    Hexes                        4
   e - Cause Fear                     Hexes                        4
   f - Leda's Liquefaction            Hexes/Earth                  4
Miscellaneous
 g - a legendary deck of escape
 w - a plain deck of war
 A - a plain deck of escape {drawn: 2}
 C - a plain deck of destruction {drawn: 1}
 D - a plain deck of war
Comestibles
 d - 5 bread rations
 j - 2 fruits
 o - 2 slices of pizza


   Skills:
 + Level 1.1 Fighting
 + Level 3.1 Short Blades
 + Level 5.9 Dodging
 + Level 10.7 Stealth
 + Level 6.5 Spellcasting
 + Level 6.6 Hexes
 + Level 2.8 Charms
 + Level 2.4 Ice Magic
 + Level 2.4 Evocations


You had 13 spell levels left.
You knew the following spells:

 Your Spells              Type           Power        Failure   Level  Hunger
a - Confuse               Hex            ####....     2%          3    ##.....
b - Ensorcelled Hibernat  Hex/Ice        ###...       2%          2    None
c - Sure Blade            Hex/Chrm       ###.......   2%          2    None


Dungeon Overview and Level Annotations

Branches:
Dungeon (7/15)
 Temple: D:4-7

Altars:
Nemelex Xobeh
Okawaru
Qazlal
Vehumet
Xom
The Shining One

Annotations:
D:7 dvd's ghost, experienced TrBe


Innate Abilities, Weirdness & Mutations

You are tiny and cannot use many weapons and most armour.
You have supernaturally acute eyesight.
You are a herbivore.
You cover ground extremely quickly.
You need consume almost no food.


Message History

There is a stone staircase leading down here.
You climb downwards.
An iguana and a player ghost come into view.
There is a stone staircase leading up here.
Press: ? - help, v - describe, . - travel
Here: dvd's ghost (hasn't noticed you)
The floor.
Use which ability? (? or * to list)
Okay, then.
Evoke which item? (* to show all) (? for menu, Esc to quit)
You draw a card...
It is the Helm.
The deck of cards disappears in a puff of smoke.
You feel the strange sensation of being on two planes at once.
Dvd's ghost turns its malevolent gaze towards you.
Dvd's ghost hits you!!
Ouch! That really hurt!
* * * LOW HITPOINT WARNING * * *
Dvd's ghost hits you!
You die...
Your body disappears without a glow.

### # ..# #.
#.## # #..
#..#.#
..#.l##..#.#
...........
#....W.#
#@.# #..#
#..# #..#
#..# ....
..## ###


You could see an iguana and dvd's ghost.

Vanquished Creatures
  Menkaure (D:5)
  2 phantoms
  An orc warrior (D:6)
  3 centaurs
  2 sky beasts
  A big kobold (Sewer)
  A giant frog (D:5)
  2 hounds
  2 crimson imps (D:3)
  An orc priest (D:4)
  A jelly (D:5)
  An iguana (D:6)
  4 orc wizards
  3 worker ants
  2 killer bee zombies
  Robin (D:3)
  3 gnolls (D:6)
  2 river rats (Sewer)
  10 adders
  5 worms
  3 giant geckos
  2 oozes
  19 orcs
  8 bats
  2 bat skeletons
  5 giant cockroaches
  11 goblins
  15 hobgoblins
  4 jackals
  3 quokkas
  4 giant newts
  A giant spore (D:6)
  15 kobolds
  14 rats
  A ballistomycete (D:6)
155 creatures vanquished.

Vanquished Creatures (collateral kills)
  A raven (D:2)
  The ghost of poirepourri the Skirmisher, an average DDBe of Trog (Sewer)
  2 crimson imps (D:3)
  A gnoll (D:6)
  2 giant cockroaches
  3 goblins (D:3)
  3 hobgoblins
  A rat (D:3)
14 creatures vanquished.

Grand Total: 169 creatures vanquished

Notes
Turn   | Place    | Note
--------------------------------------------------------------
     0 | D:1      | dvd, the Spriggan Enchanter, began the quest for the Orb.
     0 | D:1      | Reached XP level 1. HP: 9/9 MP: 4/4
   263 | D:1      | Found a sparkling altar of Nemelex Xobeh.
   268 | D:1      | Became a worshipper of Nemelex Xobeh the Trickster
   309 | D:1      | Reached XP level 2. HP: 11/13 MP: 5/7
   360 | D:1      | Learned a level 2 spell: Ensorcelled Hibernation
   363 | D:1      | Learned a level 2 spell: Sure Blade
   873 | D:1      | Received a gift from Nemelex Xobeh
  1446 | D:2      | Reached XP level 3. HP: 16/16 MP: 7/10
  1452 | D:2      | Reached skill level 5 in Stealth
  1559 | D:2      | Noticed a raven
  1562 | D:2      | Killed a raven
  1682 | D:2      | Received a gift from Nemelex Xobeh
  2208 | D:3      | Reached XP level 4. HP: 19/21 MP: 5/13
  2237 | D:3      | Found a shimmering altar of Xom.
  2259 | D:3      | Noticed Robin
  2337 | D:3      | Reached skill level 1 in Evocations
  2379 | D:3      | Killed Robin
  2379 | D:3      | Reached skill level 6 in Stealth
  2461 | D:3      | Received a gift from Nemelex Xobeh
  2497 | D:3      | Reached XP level 5. HP: 24/24 MP: 13/16
  2688 | D:3      | Found a radiant altar of Vehumet.
  2907 | D:4      | Found a stormy altar of Qazlal.
  2960 | D:4      | Reached skill level 1 in Ice Magic
  3015 | D:4      | Found an iron altar of Okawaru.
  3250 | D:4      | Found a glowing golden altar of the Shining One.
  3316 | D:4      | Reached XP level 6. HP: 29/29 MP: 8/20
  3611 | D:4      | Reached skill level 5 in Hexes
  3850 | D:4      | Reached skill level 7 in Stealth
  4079 | D:4      | Noticed a phantom
  4109 | D:4      | Killed a phantom
  4120 | D:4      | Reached XP level 7. HP: 9/32 MP: 14/22
  4573 | D:4      | Reached skill level 5 in Spellcasting
  4578 | D:4      | Learned a level 3 spell: Confuse
  4825 | D:5      | Entered Level 5 of the Dungeon
  4909 | D:5      | Received a gift from Nemelex Xobeh
  4951 | D:5      | Found a glowing drain.
  4981 | Sewer    | Entered a sewer
  5017 | Sewer    | Reached skill level 8 in Stealth
  5042 | Sewer    | Noticed poirepourri's ghost (average DDBe)
  5050 | Sewer    | Killed poirepourri's ghost
  5050 | Sewer    | Reached skill level 1 in Charms
  5063 | Sewer    | Found a white marble altar of Elyvilon.
  5305 | D:5      | Reached skill level 5 in Dodging
  5446 | D:5      | Received a gift from Nemelex Xobeh
  5448 | D:5      | Noticed Menkaure
  5452 | D:5      | Killed Menkaure
  5452 | D:5      | Reached XP level 8. HP: 37/37 MP: 23/25
  5556 | D:5      | Acquired Nemelex Xobeh's first power
  5647 | D:5      | Reached skill level 9 in Stealth
  5968 | D:5      | Reached skill level 1 in Fighting
  6000 | D:5      | Received a gift from Nemelex Xobeh
  6140 | D:6      | Reached skill level 10 in Stealth
  6471 | D:6      | Got a dazzling spear
  6472 | D:6      | Identified the +3 spear "Ganesau" {pierce, rN+ Dex+2} (You found it on level 6 of the Dungeon)
  6988 | D:6      | Received a gift from Nemelex Xobeh
  7134 | D:7      | Noticed dvd's ghost (experienced TrBe)
  7136 | D:7      | Slain by dvd's ghost

Action                   |  1- 3 |  4- 6 |  7- 9 || total
-------------------------+-------+-------+-------++-------
Melee: Dagger            |    83 |    70 |    85 ||   238
       Short sword       |       |    23 |    32 ||    55
       Spear             |       |       |     2 ||     2
Throw: Throwing net      |       |       |     1 ||     1
       Tomahawk          |       |       |     1 ||     1
 Cast: Corona            |     7 |       |       ||     7
       Ensorcelled Hiber |    23 |    42 |    45 ||   110
       Sure Blade        |     5 |     5 |     7 ||    17
       Confuse           |       |       |     3 ||     3
Evoke: Deck              |     5 |     6 |     6 ||    17
  Use: Scroll            |       |     9 |     5 ||    14
       Potion            |       |     6 |     4 ||    10
 Stab: Sleeping          |    26 |    21 |    46 ||    93
       Confused          |       |       |     1 ||     1
       Held in net/web   |       |       |     1 ||     1
  Eat: Bread ration      |     1 |       |       ||     1
       Fruit             |       |       |     1 ||     1
       Royal jelly       |       |       |     1 ||     1
